 Dungeon Crawl Stone Soup version 0.23.2-1-ga50397a6bc (webtiles) character file.

Game seed: 11566659662777411239

700 ialwaysloseit the Conjurer (level 7, -1/39 HPs)
             Began as a Deep Elf Conjurer on May 1, 2019.
             Was an Initiate of Vehumet.
             Slain by Pikel
             ... wielding a +2 whip of flaming
              (4 damage)
             ... on level 5 of the Dungeon on May 2, 2019.
             The game lasted 00:18:12 (5893 turns).

ialwaysloseit the Conjurer (Deep Elf Conjurer)      Turns: 5893, Time: 00:18:12

Health: -1/39      AC:  3    Str:  5    XL:     7   Next: 38%
Magic:  6/18       EV: 14    Int: 22    God:    Vehumet [......]
Gold:   246        SH:  0    Dex: 15    Spells: 3/18 levels left

rFire    . . .     SeeInvis .   o - +2 hand axe (venom)
rCold    . . .     Gourm    .   (no shield)
rNeg     . . .     Faith    .   a - +0 robe
rPois    .         Spirit   .   n - +0 helmet
rElec    .         Reflect  .   (no cloak)
rCorr    .         Harm     .   (no gloves)
MR       .....                  (no boots)
Stlth    ++........             (no amulet)
HPRegen  0.13/turn              (no ring)
MPRegen  0.16/turn              (no ring)

@: about to teleport, invisible
A: no striking features
a: Renounce Religion


You were on level 5 of the Dungeon.
You worshipped Vehumet.
Vehumet was noncommittal.
You were not hungry.

You visited 2 branches of the dungeon, and saw 6 of its levels.

You collected 246 gold pieces.

Inventory:

Hand Weapons
 f - a +0 short sword of speed
 i - a +1 dagger of pain
 o - a +2 hand axe of venom (weapon)
Armour
 a - a +0 robe (worn)
 g - a +0 leather armour
 n - a +0 helmet (worn)
 s - a +0 buckler
 t - a +0 chain mail
Wands
 q - a wand of flame (8)
Scrolls
 d - a scroll of remove curse
 m - 6 scrolls of teleportation
 p - a scroll of noise
Potions
 b - 2 potions of mutation
 k - a potion of curing {unknown}
 l - a potion of might {unknown}
 r - 2 potions of magic
Comestibles
 c - 7 rations


   Skills:
 + Level 1.9 Fighting
 - Level 4.0 Dodging
 - Level 2.4 Stealth
 + Level 0.5 Shields
 - Level 6.4 Spellcasting
 - Level 7.1 Conjurations
 * Level 2.5 Hexes


You had 3 spell levels left.
You knew the following spells:

 Your Spells              Type           Power        Failure   Level  Hunger
a - Magic Dart            Conj           ####         1%          1    None
b - Searing Ray           Conj           #####.       1%          2    None
c - Iskenderun's Mystic   Conj           #####...     4%          4    ###....
d - Fulminant Prism       Conj/Hex       ####......   12%         4    ###....
e - Force Lance           Conj/Tloc      ###.....     21%         4    ###....

Your spell library contained the following spells:

 Spells                   Type           Power        Failure   Level  Hunger
 Dazzling Spray           Conj/Hex       ####..       3%          3    #......


Dungeon Overview and Level Annotations

Branches:
Dungeon (5/15)             Temple (1/1) D:4

Altars:
Cheibriados
Dithmenos
Elyvilon
Gozag
Kikubaaqudgha
Nemelex Xobeh
Vehumet
The Shining One

Portals:
Sewer: D:5

Annotations:
D:5 Pikel


Message History

The searing ray hits Pikel but does no damage.
Pikel hits you with a +2 whip of flaming.
* * * LOW HITPOINT WARNING * * *
Pikel burns you.
* * * LOW HITPOINT WARNING * * *
The searing ray hits Pikel!
Pikel is heavily wounded.
The searing ray hits the slave!!
The slave is severely wounded.
You finish channeling your searing ray.
Pikel hits you with a +2 whip of flaming.
* * * LOW HITPOINT WARNING * * *
Pikel burns you.
* * * LOW HITPOINT WARNING * * *
As you read the scroll of teleportation, it crumbles to dust.
You feel strangely unstable. Pikel barely misses you.
It was a potion of invisibility.
You fade into invisibility!
Pikel hits you with a +2 whip of flaming.
You die...

###.#.#.... ..........#
####<. .....K....# ......
#...≈≈≈...# ......
...≈≈≈Z≈..# ####......
#..≈≈∩≈≈..# ##........
#..≈≈≈≈≈..########.........
....≈≈≈%......pK@.....# ##
............##p#####.### .+
..........#............####.+
...####.....########........#
.. ##...## #.....>....# .
#.#.# ....#........# ....#
#............# #..#..
........####.##
.....####....)#


You could see Pikel and 2 slaves.

Vanquished Creatures
  A slave (D:5)
  2 ogres
  2 howler monkeys
  2 orc priests (D:4)
  5 orc wizards
  A worker ant (D:3)
  3 gnolls (D:3)
  8 adders
  3 oozes
  An adder skeleton (D:5)
  4 worms
  A dart slug (D:3)
  4 leopard geckos
  12 orcs
  2 ball pythons
  12 bats
  5 giant cockroaches
  7 hobgoblins
  8 jackals
  5 kobolds
  A quokka (D:3)
  7 frilled lizards
  11 goblins
  11 rats
118 creatures vanquished.

Notes
Turn   | Place    | Note
-------+----------+-------------------------------------------
     0 | D:1      | ialwaysloseit the Deep Elf Conjurer began the quest for the
                  | Orb.
     0 | D:1      | Reached XP level 1. HP: 10/10 MP: 6/6
   200 | D:1      | Reached XP level 2. HP: 15/15 MP: 6/8
   204 | D:1      | Learned a level 2 spell: Searing Ray
   336 | D:1      | Reached skill level 5 in Conjurations
  1056 | D:2      | Reached XP level 3. HP: 19/19 MP: 4/9
  1463 | D:2      | Reached skill level 6 in Conjurations
  1850 | D:2      | Reached XP level 4. HP: 24/24 MP: 2/10
  1856 | D:2      | Learned a level 4 spell: Iskenderun's Mystic Blast
  2846 | D:3      | Reached XP level 5. HP: 28/28 MP: 5/11
  2881 | D:3      | Reached skill level 7 in Conjurations
  3084 | D:3      | Found a snail-covered altar of Cheibriados.
  3709 | D:3      | Reached skill level 1 in Fighting
  3960 | D:4      | Reached XP level 6. HP: 34/34 MP: 6/13
  4270 | D:4      | Reached skill level 5 in Spellcasting
  4472 | D:4      | HP: 1/34 [orc priest/divine providence (8)]
  4783 | D:4      | Reached XP level 7. HP: 38/38 MP: 9/18
  4921 | D:3      | Learned a level 4 spell: Fulminant Prism
  4926 | D:3      | Learned a level 4 spell: Force Lance
  4971 | D:3      | Reached skill level 1 in Hexes
  5295 | D:4      | Found a staircase to the Ecumenical Temple.
  5307 | Temple   | Entered the Ecumenical Temple
  5320 | Temple   | Became a worshipper of Vehumet
  5703 | D:5      | Entered Level 5 of the Dungeon
  5852 | D:5      | Found a glowing drain.
  5859 | D:5      | Noticed Pikel
  5893 | D:5      | Slain by Pikel

Skill      XL: |  1  2  3  4  5  6  7 |
---------------+----------------------+-----
Conjurations   | 5 6 7 |  7.1
Dodging        | 4 |  4.0
Fighting       | 1 |  1.9
Spellcasting   | 6 |  6.4
Hexes          | 2 |  2.5
Stealth        | |  2.4
Shields        | |  0.5

Action                   |  1- 3 |  4- 6 |  7- 9 || total
-------------------------+-------+-------+-------++-------
Melee: Short sword       |     2 |     4 |       ||     6
       Hand axe          |       |     1 |     2 ||     3
 Cast: Magic Dart        |    79 |   106 |    21 ||   206
       Searing Ray       |     2 |    23 |     8 ||    33
  Use: Scroll            |       |     9 |     3 ||    12
       Potion            |       |       |     1 ||     1
  Eat: Chunk             |     3 |     8 |     2 ||    13
       Ration            |       |       |     1 ||     1
Armor: Robe              |     2 |     4 |     3 ||     9
Dodge: Dodged            |     4 |    21 |     6 ||    31
